Sewer Rats vs Monarchs (R2)

Created - April 14, 2019 at 19:36

Goals
1 2 3 T
Sewer Rats 0 1 1 2
Monarchs 2 1 2 5
Shots
1 2 3 T
Sewer Rats 6 16 10 32
Monarchs 7 7 11 25

1st period

1. Monarchs , Ryan White 13 (Zac Leslie 8, Joe Morrow 9) at 3:29
2. Monarchs , Valentin Zykov 9 (Eric Fehr 32) at 12:32

Penalties :
William Karlsson (Tol) for Tripping (Minor) at 7:50, Zac Leslie (MAN) for Hooking (Minor) at 12:39, Mark Mancari (Tol) for Holding (Minor) at 15:41

2nd period

3. Sewer Rats , Jonathan Marchessault 21 (Connor Carrick 7) at 5:47 (SH)
4. Monarchs , Craig Smith 44 (Daultan Leveillé 41) at 11:13

Penalties :
Jarred Tinordi (Tol) for Goalie Interference (Minor) at 5:16, Craig Smith (MAN) for Hooking (Minor) at 5:53, Jarred Tinordi (Tol) for Hooking (Minor) at 11:18, Ryan Murphy (Tol) for Tripping (Minor) at 15:55

3rd period

5. Monarchs , Taylor Beck 34 (Nathan Paetsch 26, Will Butcher 24) at 2:24
6. Sewer Rats , Mark Mancari 50 (Tomas Tatar 39, Jonathan Marchessault 45) at 6:49 (PP)
7. Monarchs , Eric Fehr 27 (Robert Hagg 17) at 10:09

Penalties :
Vincent Trocheck (Tol) for High sticking (Minor) at 3:06, Max Domi (MAN) for Close Hand On Puck (Minor) at 6:37, Nathan Paetsch (MAN) for Goalie Interference (Minor) at 7:05, Max Domi (MAN) for Slashing (Minor) at 18:46

Goalie Stats

Marek Mazanek (Tol), 13 saves from 17 shots - (0.765), L, 40-9-5, 42:24 minutes
Antoine Bibeau (Tol), 7 saves from 8 shots - (0.875), 17:36 minutes
Ilya Bryzgalov (MAN), 30 saves from 32 shots - (0.938), W, 11-5-1, 60:00 minutes

Players Stats for Sewer Rats

Player Name              G  A  P  +/- PIM S  H  SB GA TA FO     MP     PP MP  PK MP  
------------------------------------------------------------------------------------
Anthony Duclair          0  0  0  -1  0   1  0  1  1  0  0/0    10:02   0:00   0:00 
Connor Carrick           0  1  1   0  0   0  0  0  0  0  0/0    11:17   0:11   1:21 
Daniel Carr              0  0  0  -1  0   0  1  1  1  0  0/0    14:27   2:32   1:35 
Dmitrij Jaskin           0  0  0   0  0   0  0  0  0  0  0/0     6:29   0:00   0:00 
Erik Condra              0  0  0  -1  0   3  0  0  0  1  0/0    19:57   2:32   5:36 
Jarred Tinordi           0  0  0  -3  4   0  3  1  0  1  0/0    24:14   3:28   4:29 
Joel Edmundson           0  0  0  -1  0   2  1  0  0  1  0/0    20:26   2:32   4:04 
John Ramage              0  0  0  -1  0   1  2  1  0  0  0/0    20:26   2:32   4:04 
Jonathan Marchessault    1  1  2  -2  0   2  2  1  0  1  15/31  21:19   3:17   3:05 
Joseph Blandisi          0  0  0   0  0   0  0  1  0  0  0/0     6:29   0:00   0:00 
Mark Mancari             1  0  1  -3  2   7  1  2  3  0  6/9    23:39   3:17   4:30 
Martin Frk               0  0  0  -1  0   5  1  0  0  0  0/0    10:24   0:11   0:00 
Nick Cousins             0  0  0   0  0   4  0  0  0  0  1/2     8:40   0:00   2:05 
Ryan Murphy              0  0  0  -1  2   0  0  1  0  0  0/0    10:13   0:00   0:00 
Steven Kampfer           0  0  0  -2  0   1  4  1  2  1  0/0    30:07   3:28   6:28 
Tomas Tatar              0  1  1  -2  0   0  1  0  1  0  0/2    21:22   3:17   3:08 
Vincent Trocheck         0  0  0  -1  2   4  4  0  1  0  6/13   13:42   2:32   0:44 
William Karlsson         0  0  0  -1  2   2  2  0  0  1  4/7    10:56   0:11   0:21 
Xavier Ouellet           0  0  0   0  0   0  0  1  0  0  0/0     3:51   0:00   0:38 

Players Stats for Monarchs

Player Name              G  A  P  +/- PIM S  H  SB GA TA FO     MP     PP MP  PK MP  
------------------------------------------------------------------------------------
Bo Horvat                0  0  0   0  0   0  1  1  0  0  7/18   18:39   5:32   0:00 
Brandon Pirri            0  0  0   1  0   2  3  0  0  0  1/1    13:06   0:11   0:00 
Craig Smith              1  0  1   0  2   3  2  0  0  0  0/0    20:28   5:31   1:25 
Daultan Leveillé         0  1  1   1  0   2  1  1  1  0  20/35  22:23   4:55   3:39 
Eric Fehr                1  1  2   2  0   2  1  0  1  0  0/0     7:10   0:00   0:00 
Frederik Gauthier        0  0  0   2  0   0  2  0  1  0  2/5    10:43   0:11   3:33 
Joe Morrow               0  1  1   1  0   0  0  0  0  1  0/0     5:05   0:00   0:47 
Josh Manson              0  0  0   2  0   0  5  1  0  1  0/0    16:02   0:00   2:41 
Jujhar Khaira            0  0  0   1  0   1  4  0  1  0  0/0    15:10   4:49   1:25 
Max Domi                 0  0  0   0  4   3  2  2  1  0  1/2    19:33   5:32   0:11 
Mike Reilly              0  0  0   0  0   0  0  1  0  0  0/0    17:00   6:45   0:00 
Nathan Paetsch           0  1  1   1  2   0  1  2  1  1  0/0    22:08   3:47   2:32 
Robert Hagg              0  1  1   2  0   0  0  0  0  1  0/0    17:26   0:00   3:33 
Ryan White               1  0  1   1  0   4  1  1  0  0  1/2    10:14   0:00   0:57 
Taylor Beck              1  0  1   1  0   2  3  0  0  1  0/1    17:55   3:51   0:50 
Tom Wilson               0  0  0   1  0   1  1  2  0  1  0/0    14:10   4:49   0:00 
Valentin Zykov           1  0  1   2  0   3  0  0  0  0  0/0     6:40   0:01   0:00 
Will Butcher             0  1  1   0  0   2  1  2  0  3  0/0    24:04   6:45   1:35 
Zac Leslie               0  1  1   2  2   0  0  3  0  0  0/0    14:37   0:00   0:52 

3 Stars

1 - Eric Fehr (MAN)
2 - Taylor Beck (MAN)
3 - Valentin Zykov (MAN)

Power Play

Sewer Rats - 1 on 5 Attempt(s) - 20.00%
Monarchs - 0 on 6 Attempt(s) - 0.00%

Penalty Kill

Sewer Rats - 6 on 6 Attempt(s) - 100.00% - Score 1 goal in Penalty Kill
Monarchs - 4 on 5 Attempt(s) - 80.00% - Score 0 goal in Penalty Kill

Team Stat

Sewer Rats - Hits : 22 - Faceoff Wins : 32 - Blocked Shots : 11 - Penalty Minutes : 12
Monarchs - Hits : 28 - Faceoff Wins : 32 - Blocked Shots : 16 - Penalty Minutes : 10

Official

Referees : Unknown
Linesman : Unknown

Game Notes

Antoine Bibeau enters game at 2:24 of 3rd period

Finance

Level 1 -- Attendance: 1435 (71.75%) -- Ticket Income $57,400
Level 2 -- Attendance: 752 (75.20%) -- Ticket Income $15,040
Total Attendance: 2187 (72.90%)
Total Ticket Income: $72,440
Other Income: $3,622
Total Income: $76,062

Sewer Rats

5 vs 5 Forward 
   Center                   Left Wing                Right Wing               Time % Phy DF OF 
 1 Jonathan Marchessault    Tomas Tatar              Mark Mancari             40     1   2  2  
 2 Vincent Trocheck         Daniel Carr              Erik Condra              30     1   2  2  
 3 William Karlsson         Anthony Duclair          Martin Frk               20     1   2  2  
 4 Nick Cousins             Joseph Blandisi          Dmitrij Jaskin           10     1   2  2  

5 vs 5 Defense 
   Defense                  Defense                                           Time % Phy DF OF 
 1 Steven Kampfer           Jarred Tinordi                                    40     1   2  2  
 2 Joel Edmundson           John Ramage                                       30     1   2  2  
 3 Ryan Murphy              Connor Carrick                                    20     1   2  2  
 4 Xavier Ouellet           Steven Kampfer                                    10     1   2  2  

PowerPlay Forward 
   Center                   Left Wing                Right Wing               Time % Phy DF OF 
 1 Jonathan Marchessault    Tomas Tatar              Mark Mancari             60     1   2  2  
 2 Vincent Trocheck         Daniel Carr              Erik Condra              40     1   2  2  

PowerPlay Defense
   Defense                  Defense                                           Time % Phy DF OF 
 1 Steven Kampfer           Jarred Tinordi                                    60     1   2  2  
 2 Joel Edmundson           John Ramage                                       40     1   2  2  

Penalty Kill 4 Players Forward 
   Center                   Wing                     Time % Phy DF OF 
 1 Mark Mancari             Erik Condra              60     1   2  2  
 2 Tomas Tatar              Jonathan Marchessault    40     1   2  2  

Penalty Kill 4 Players Defense
   Defense                  Defense                  Time % Phy DF OF 
 1 Steven Kampfer           Jarred Tinordi           60     1   2  2  
 2 Joel Edmundson           John Ramage              40     1   2  2  

Penalty Kill - 3 Players Forward 
   Forward                                           Time % Phy DF OF 
 1 Mark Mancari                                      60     1   2  2  
 2 Erik Condra                                       40     1   2  2  

Penalty Kill - 3 Players Defense
   Defense                  Defense                  Time % Phy DF OF 
 1 Steven Kampfer           Jarred Tinordi           60     1   2  2  
 2 Joel Edmundson           John Ramage              40     1   2  2  

4 vs 4 Forward 
   Center                   Wing                     Time % Phy DF OF 
 1 Mark Mancari             Erik Condra              60     1   2  2  
 2 Tomas Tatar              Jonathan Marchessault    40     1   2  2  

4 vs 4 Defense
   Defense                  Defense                  Time % Phy DF OF 
 1 Steven Kampfer           Jarred Tinordi           60     1   2  2  
 2 Joel Edmundson           John Ramage              40     1   2  2  

Last Minutes Offensive
   Center                   Left Wing                Right Wing               Defense                  Defense                  
   Jonathan Marchessault    Tomas Tatar              Mark Mancari             Steven Kampfer           Jarred Tinordi           

Last Minutes Defensive
   Center                   Left Wing                Right Wing               Defense                  Defense                  
   Jonathan Marchessault    Tomas Tatar              Mark Mancari             Steven Kampfer           Jarred Tinordi           

Goaltenders
Starting : Marek Mazanek            
Backup : Antoine Bibeau           

Extra Forwards
Normal : William Karlsson, Martin Frk, Nick Cousins - PP : William Karlsson, Martin Frk - PK : Nick Cousins
Extra Defensemen
Normal : Ryan Murphy, Connor Carrick, Xavier Ouellet - PP : Ryan Murphy - PK : Connor Carrick, Xavier Ouellet
Penalty Shots
Mark Mancari, Erik Condra, Tomas Tatar, Jonathan Marchessault, Vincent Trocheck

Scratches
Dominik Kubalik (Healthy), Matt Lashoff (Strained Right Knee Injury), Josh Archibald (Healthy), Jonathan Racine (Healthy), Tyler Motte (Healthy)
Chris Calhan (Healthy), Sergei Kostenko (Healthy)

Monarchs

5 vs 5 Forward 
   Center                   Left Wing                Right Wing               Time % Phy DF OF 
 1 Daultan Leveillé         Max Domi                 Craig Smith              35     0   2  3  
 2 Bo Horvat                Taylor Beck              Brandon Pirri            30     0   2  3  
 3 Ryan White               Jujhar Khaira            Tom Wilson               25     2   1  2  
 4 Frederik Gauthier        Valentin Zykov           Eric Fehr                10     0   3  2  

5 vs 5 Defense 
   Defense                  Defense                                           Time % Phy DF OF 
 1 Nathan Paetsch           Will Butcher                                      35     0   3  2  
 2 Josh Manson              Robert Hagg                                       30     2   3  0  
 3 Zac Leslie               Mike Reilly                                       25     1   3  1  
 4 Joe Morrow               Zac Leslie                                        10     1   3  1  

PowerPlay Forward 
   Center                   Left Wing                Right Wing               Time % Phy DF OF 
 1 Bo Horvat                Max Domi                 Craig Smith              60     0   1  4  
 2 Daultan Leveillé         Jujhar Khaira            Tom Wilson               40     2   0  3  

PowerPlay Defense
   Defense                  Defense                                           Time % Phy DF OF 
 1 Mike Reilly              Will Butcher                                      60     0   2  3  
 2 Taylor Beck              Nathan Paetsch                                    40     0   2  3  

Penalty Kill 4 Players Forward 
   Center                   Wing                     Time % Phy DF OF 
 1 Daultan Leveillé         Frederik Gauthier        60     1   3  1  
 2 Craig Smith              Jujhar Khaira            40     1   3  1  

Penalty Kill 4 Players Defense
   Defense                  Defense                  Time % Phy DF OF 
 1 Robert Hagg              Nathan Paetsch           60     1   4  0  
 2 Zac Leslie               Josh Manson              40     1   4  0  

Penalty Kill - 3 Players Forward 
   Forward                                           Time % Phy DF OF 
 1 Daultan Leveillé                                  60     1   4  0  
 2 Craig Smith                                       40     1   4  0  

Penalty Kill - 3 Players Defense
   Defense                  Defense                  Time % Phy DF OF 
 1 Nathan Paetsch           Robert Hagg              60     0   5  0  
 2 Zac Leslie               Josh Manson              40     0   5  0  

4 vs 4 Forward 
   Center                   Wing                     Time % Phy DF OF 
 1 Craig Smith              Eric Fehr                60     1   2  2  
 2 Daultan Leveillé         Max Domi                 40     1   2  2  

4 vs 4 Defense
   Defense                  Defense                  Time % Phy DF OF 
 1 Nathan Paetsch           Will Butcher             60     1   2  2  
 2 Robert Hagg              Josh Manson              40     1   2  2  

Last Minutes Offensive
   Center                   Left Wing                Right Wing               Defense                  Defense                  
   Daultan Leveillé         Max Domi                 Craig Smith              Will Butcher             Mike Reilly              

Last Minutes Defensive
   Center                   Left Wing                Right Wing               Defense                  Defense                  
   Daultan Leveillé         Jujhar Khaira            Craig Smith              Robert Hagg              Nathan Paetsch           

Goaltenders
Starting : Ilya Bryzgalov           
Backup : Antti Raanta             

Extra Forwards
Normal : Bo Horvat, Max Domi, Tom Wilson - PP : Frederik Gauthier, Daultan Leveillé - PK : Ryan White
Extra Defensemen
Normal : Will Butcher, Josh Manson, Robert Hagg - PP : Mike Reilly - PK : Josh Manson, Will Butcher
Penalty Shots
Brandon Pirri, Craig Smith, Eric Fehr, Taylor Beck, Bo Horvat

Scratches
Joel Armia (Back Spasms Injury), Colin Smith (Healthy), Mike Hoffman (Healthy), Connor Clifton (Healthy), Anthony Peluso (Healthy)
Zach Redmond (Healthy), Tyler Beskorowany (Healthy)

% Time on Ice - Sewer Rats

Lines # - Real PCT - Wanted PCT - Time Play
Normal Forward
1 - 36% - 40% - 15:15
2 - 25% - 30% - 10:20
3 - 24% - 20% - 10:02
4 - 15% - 10% - 6:29
Normal Defense
1 - 41% - 40% - 17:07
2 - 32% - 30% - 13:27
3 - 22% - 20% - 9:27
4 - 5% - 10% - 2:05
PP Forward
1 - 58% - 60% - 3:28
2 - 42% - 40% - 2:32
PP Defense
1 - 58% - 60% - 3:28
2 - 42% - 40% - 2:32
PK Forward
1 - 71% - 60% - 7:27
2 - 29% - 40% - 3:05
PK Defense
1 - 61% - 60% - 6:28
2 - 39% - 40% - 4:04
PK3 Forward
1 - 0% - 60%
2 - 0% - 40%
PK3 Defense
1 - 0% - 60%
2 - 0% - 40%
44 Forward
1 - 76% - 60% - 1:02
2 - 24% - 40% - 0:20
44 Defense
1 - 72% - 60% - 0:59
2 - 28% - 40% - 0:23
Last Minute Offensive  - 0:00
Last Minute Defensive  - 0:00
Total
Forward - 60:00
Defense - 60:00

% Time on Ice - Monarchs

Lines # - Real PCT - Wanted PCT - Time Play
Normal Forward
1 - 34% - 35% - 14:22
2 - 30% - 30% - 12:30
3 - 21% - 25% - 8:54
4 - 15% - 10% - 6:20
Normal Defense
1 - 38% - 35% - 15:54
2 - 30% - 30% - 12:49
3 - 22% - 25% - 9:21
4 - 10% - 10% - 4:02
PP Forward
1 - 53% - 60% - 5:37
2 - 47% - 40% - 4:55
PP Defense
1 - 64% - 60% - 6:45
2 - 36% - 40% - 3:47
PK Forward
1 - 76% - 60% - 4:35
2 - 24% - 40% - 1:25
PK Defense
1 - 75% - 60% - 4:31
2 - 25% - 40% - 1:29
PK3 Forward
1 - 0% - 60%
2 - 0% - 40%
PK3 Defense
1 - 0% - 60%
2 - 0% - 40%
44 Forward
1 - 100% - 60% - 1:22
2 - 0% - 40% - 0:00
44 Defense
1 - 46% - 60% - 0:38
2 - 54% - 40% - 0:44
Last Minute Offensive  - 0:00
Last Minute Defensive  - 0:00
Total
Forward - 60:00
Defense - 60:00

Play-by-Play

1st period


0:01 of 1st period - Jonathan Marchessault wins face-off versus Daultan Leveillé in neutral zone.
1:26 of 1st period - Frederik Gauthier is hit by William Karlsson and loses puck.
2:07 of 1st period - Wrist shot by Jonathan Marchessault.
2:07 of 1st period - Shot Blocked by Tom Wilson.
2:09 of 1st period - Slapshot by Jarred Tinordi.
2:09 of 1st period - Shot Blocked by Ryan White.
3:23 of 1st period - Wrist shot by Tom Wilson.
3:23 of 1st period - Shot Misses the Net.
3:25 of 1st period - Slapshot by Joe Morrow.
3:25 of 1st period - Shot Blocked by Mark Mancari.
3:27 of 1st period - Slapshot by Zac Leslie.
3:27 of 1st period - Shot Blocked by John Ramage.
3:29 of 1st period - Slapshot by Ryan White.
3:29 of 1st period - Goal by Ryan White - Sewer Rats : 0 - Monarchs : 1.
3:30 of 1st period - Brandon Pirri wins face-off versus Vincent Trocheck in neutral zone.
3:43 of 1st period - Wrist shot by Brandon Pirri.
3:43 of 1st period - Stopped by Marek Mazanek with a rebound.
3:57 of 1st period - Mark Mancari is hit by Max Domi and loses puck.
4:03 of 1st period - Icing by Connor Carrick.
4:04 of 1st period - Daultan Leveillé wins face-off versus Jonathan Marchessault in Sewer Rats zone.
4:07 of 1st period - Wrist shot by Craig Smith.
4:07 of 1st period - Stopped by Marek Mazanek without a rebound.
4:08 of 1st period - Daultan Leveillé wins face-off versus Vincent Trocheck in Sewer Rats zone.
5:05 of 1st period - Wrist shot by Nick Cousins.
5:05 of 1st period - Shot Blocked by Zac Leslie.
5:07 of 1st period - Slapshot by John Ramage.
5:07 of 1st period - Stopped by Ilya Bryzgalov with a rebound.
5:09 of 1st period - Snap shot by Dmitrij Jaskin.
5:09 of 1st period - Shot Blocked by Zac Leslie.
5:51 of 1st period - Erik Condra is hit by Max Domi and loses puck.
6:26 of 1st period - Snap shot by Nick Cousins.
6:26 of 1st period - Stopped by Ilya Bryzgalov with a rebound.
6:28 of 1st period - Slapshot by Ryan Murphy.
6:28 of 1st period - Shot Blocked by Tom Wilson.
6:30 of 1st period - Slapshot by Connor Carrick.
6:30 of 1st period - Deflect By Dmitrij Jaskin.
6:30 of 1st period - Shot Misses the Net.
6:30 of 1st period - Puck is out of play.
6:31 of 1st period - Vincent Trocheck wins face-off versus Daultan Leveillé in Monarchs zone.
6:32 of 1st period - Snap shot by Daniel Carr.
6:32 of 1st period - Deflect By Erik Condra.
6:32 of 1st period - Shot Misses the Net.
6:32 of 1st period - Puck is out of play.
6:33 of 1st period - Daultan Leveillé wins face-off versus Vincent Trocheck in Monarchs zone.
6:42 of 1st period - Snap shot by Max Domi.
6:42 of 1st period - Stopped by Marek Mazanek without a rebound.
6:43 of 1st period - Bo Horvat wins face-off versus Jonathan Marchessault in Sewer Rats zone.
7:00 of 1st period - Jarred Tinordi is hit by Taylor Beck and loses puck.
7:33 of 1st period - Anthony Duclair is hit by Josh Manson and loses puck.
7:44 of 1st period - Snap shot by Craig Smith.
7:44 of 1st period - Stopped by Marek Mazanek with a rebound.
7:50 of 1st period - Minor Penalty to William Karlsson for Tripping.
7:51 of 1st period - Bo Horvat wins face-off versus Mark Mancari in Sewer Rats zone.
8:21 of 1st period - Off-side.
8:22 of 1st period - Daultan Leveillé wins face-off versus Tomas Tatar in neutral zone.
8:33 of 1st period - Wrist shot by Tom Wilson.
8:33 of 1st period - Stopped by Marek Mazanek with a rebound.
9:50 of 1st period - Penalty to William Karlsson is over, William Karlsson is back on ice.
11:08 of 1st period - Snap shot by Nick Cousins.
11:08 of 1st period - Stopped by Ilya Bryzgalov with a rebound.
11:54 of 1st period - Tom Wilson is hit by Jarred Tinordi and loses puck.
12:32 of 1st period - Wrist shot by Valentin Zykov.
12:32 of 1st period - Goal by Valentin Zykov - Sewer Rats : 0 - Monarchs : 2.
12:33 of 1st period - Jonathan Marchessault wins face-off versus Daultan Leveillé in neutral zone.
12:39 of 1st period - Minor Penalty to Zac Leslie for Hooking.
12:40 of 1st period - Daultan Leveillé wins face-off versus Jonathan Marchessault in Monarchs zone.
12:54 of 1st period - Off-side.
12:55 of 1st period - Jonathan Marchessault wins face-off versus Daultan Leveillé in neutral zone.
13:04 of 1st period - Snap shot by Jonathan Marchessault.
13:04 of 1st period - Shot Misses the Net.
13:26 of 1st period - Jarred Tinordi is hit by Frederik Gauthier and loses puck.
13:59 of 1st period - Erik Condra is hit by Jujhar Khaira.
14:09 of 1st period - Josh Manson is hit by Daniel Carr and loses puck.
14:39 of 1st period - Penalty to Zac Leslie is over, Zac Leslie is back on ice.
14:43 of 1st period - Wrist shot by Martin Frk.
14:43 of 1st period - Stopped by Ilya Bryzgalov with a rebound.
14:45 of 1st period - Slapshot by William Karlsson.
14:45 of 1st period - Stopped by Ilya Bryzgalov without a rebound.
14:46 of 1st period - William Karlsson wins face-off versus Daultan Leveillé in Monarchs zone.
15:30 of 1st period - Ryan White is hit by Tomas Tatar and loses puck.
15:41 of 1st period - Minor Penalty to Mark Mancari for Holding.
15:42 of 1st period - Max Domi wins face-off versus Nick Cousins in Sewer Rats zone.
16:13 of 1st period - John Ramage is hit by Jujhar Khaira and loses puck.
16:55 of 1st period - Daniel Carr is hit by Jujhar Khaira.
17:05 of 1st period - Daultan Leveillé is hit by Steven Kampfer.
17:41 of 1st period - Penalty to Mark Mancari is over, Mark Mancari is back on ice.
19:32 of 1st period - Slapshot by Joel Edmundson.
19:32 of 1st period - Shot Misses the Net.
19:34 of 1st period - Snap shot by William Karlsson.
19:34 of 1st period - Deflect By Martin Frk.
19:34 of 1st period - Stopped by Ilya Bryzgalov without a rebound.
19:35 of 1st period - William Karlsson wins face-off versus Frederik Gauthier in Monarchs zone.
19:58 of 1st period - Max Domi is hit by Mark Mancari and loses puck.
Goals for this period are 0 for Sewer Rats vs 2 for Monarchs .
Shots for this period are 6 for Sewer Rats vs 7 for Monarchs .

2nd period


0:01 of 2nd period - Daultan Leveillé wins face-off versus Jonathan Marchessault in neutral zone.
0:26 of 2nd period - Erik Condra is hit by Brandon Pirri and loses puck.
0:37 of 2nd period - Slapshot by Steven Kampfer.
0:37 of 2nd period - Deflect By Vincent Trocheck.
0:37 of 2nd period - Shot Misses the Net.
0:37 of 2nd period - Puck is out of play.
0:38 of 2nd period - Jonathan Marchessault wins face-off versus Daultan Leveillé in Monarchs zone.
0:39 of 2nd period - Snap shot by Mark Mancari.
0:39 of 2nd period - Stopped by Ilya Bryzgalov without a rebound.
0:40 of 2nd period - Daultan Leveillé wins face-off versus Jonathan Marchessault in Monarchs zone.
0:45 of 2nd period - Snap shot by Craig Smith.
0:45 of 2nd period - Shot Misses the Net.
0:51 of 2nd period - Craig Smith is hit by Jonathan Marchessault and loses puck.
1:08 of 2nd period - Snap shot by Daniel Carr.
1:08 of 2nd period - Shot Misses the Net.
1:10 of 2nd period - Snap shot by John Ramage.
1:10 of 2nd period - Shot Blocked by Mike Reilly.
1:12 of 2nd period - Snap shot by John Ramage.
1:12 of 2nd period - Deflect By Vincent Trocheck.
1:12 of 2nd period - Stopped by Ilya Bryzgalov with a rebound.
1:14 of 2nd period - Slapshot by Joel Edmundson.
1:14 of 2nd period - Shot Blocked by Bo Horvat.
1:48 of 2nd period - Snap shot by Mark Mancari.
1:48 of 2nd period - Stopped by Ilya Bryzgalov without a rebound.
1:49 of 2nd period - Daultan Leveillé wins face-off versus Jonathan Marchessault in Monarchs zone.
2:04 of 2nd period - Icing by Connor Carrick.
2:05 of 2nd period - Bo Horvat wins face-off versus Jonathan Marchessault in Sewer Rats zone.
2:37 of 2nd period - Snap shot by Vincent Trocheck.
2:37 of 2nd period - Shot Blocked by Nathan Paetsch.
2:39 of 2nd period - Snap shot by Erik Condra.
2:39 of 2nd period - Stopped by Ilya Bryzgalov with a rebound.
3:29 of 2nd period - Off-side.
3:30 of 2nd period - Jonathan Marchessault wins face-off versus Daultan Leveillé in neutral zone.
3:35 of 2nd period - Wrist shot by Jonathan Marchessault.
3:35 of 2nd period - Stopped by Ilya Bryzgalov without a rebound.
3:36 of 2nd period - Daultan Leveillé wins face-off versus Jonathan Marchessault in Monarchs zone.
4:02 of 2nd period - Mike Reilly is hit by Jonathan Marchessault and loses puck.
4:45 of 2nd period - Slapshot by Jonathan Marchessault.
4:45 of 2nd period - Shot Misses the Net.
4:47 of 2nd period - Slapshot by Mark Mancari.
4:47 of 2nd period - Deflect By Tomas Tatar.
4:47 of 2nd period - Shot Blocked by Zac Leslie.
4:47 of 2nd period - Puck is out of play.
4:48 of 2nd period - Vincent Trocheck wins face-off versus Bo Horvat in Monarchs zone.
5:16 of 2nd period - Minor Penalty to Jarred Tinordi for Goalie Interference.
5:17 of 2nd period - Mark Mancari wins face-off versus Daultan Leveillé in Sewer Rats zone.
5:47 of 2nd period - Snap shot by Jonathan Marchessault.
5:47 of 2nd period - Deflect By Max Domi.
5:47 of 2nd period - Goal by Jonathan Marchessault - Sewer Rats : 1 - Monarchs : 2.
5:48 of 2nd period - Mark Mancari wins face-off versus Bo Horvat in neutral zone.
5:51 of 2nd period - Snap shot by Erik Condra.
5:51 of 2nd period - Stopped by Ilya Bryzgalov with a rebound.
5:53 of 2nd period - Minor Penalty to Craig Smith for Hooking.
5:54 of 2nd period - Mark Mancari wins face-off versus Bo Horvat in Monarchs zone.
5:57 of 2nd period - Wrist shot by Mark Mancari.
5:57 of 2nd period - Stopped by Ilya Bryzgalov without a rebound.
5:58 of 2nd period - Mark Mancari wins face-off versus Bo Horvat in Monarchs zone.
5:59 of 2nd period - Wrist shot by Erik Condra.
5:59 of 2nd period - Shot Misses the Net.
6:13 of 2nd period - Slapshot by Mark Mancari.
6:13 of 2nd period - Stopped by Ilya Bryzgalov with a rebound.
7:16 of 2nd period - Penalty to Jarred Tinordi is over, Jarred Tinordi is back on ice.
7:21 of 2nd period - Will Butcher is hit by Steven Kampfer and loses puck.
7:26 of 2nd period - Wrist shot by Martin Frk.
7:26 of 2nd period - Stopped by Ilya Bryzgalov without a rebound.
7:27 of 2nd period - Daultan Leveillé wins face-off versus Mark Mancari in Monarchs zone.
7:53 of 2nd period - Penalty to Craig Smith is over, Craig Smith is back on ice.
8:45 of 2nd period - Off-side.
8:46 of 2nd period - Jonathan Marchessault wins face-off versus Daultan Leveillé in neutral zone.
8:46 of 2nd period - Tomas Tatar is hit by Nathan Paetsch and loses puck.
8:51 of 2nd period - Nathan Paetsch is hit by Jarred Tinordi and loses puck.
8:58 of 2nd period - Snap shot by Jonathan Marchessault.
8:58 of 2nd period - Shot Misses the Net.
9:00 of 2nd period - Slapshot by Mark Mancari.
9:00 of 2nd period - Stopped by Ilya Bryzgalov without a rebound.
9:01 of 2nd period - Vincent Trocheck wins face-off versus Taylor Beck in Monarchs zone.
9:14 of 2nd period - Backhand shot by Daniel Carr.
9:14 of 2nd period - Shot Misses the Net.
9:16 of 2nd period - Snap shot by Vincent Trocheck.
9:16 of 2nd period - Stopped by Ilya Bryzgalov with a rebound.
9:26 of 2nd period - Snap shot by Mark Mancari.
9:26 of 2nd period - Shot Misses the Net.
10:15 of 2nd period - Wrist shot by Nick Cousins.
10:15 of 2nd period - Shot Misses the Net.
10:17 of 2nd period - Slapshot by Nick Cousins.
10:17 of 2nd period - Stopped by Ilya Bryzgalov with a rebound.
10:27 of 2nd period - Backhand shot by Nathan Paetsch.
10:27 of 2nd period - Shot Blocked by Daniel Carr.
10:33 of 2nd period - Wrist shot by Vincent Trocheck.
10:33 of 2nd period - Stopped by Ilya Bryzgalov with a rebound.
10:55 of 2nd period - Slapshot by Will Butcher.
10:55 of 2nd period - Deflect By Tomas Tatar.
10:55 of 2nd period - Stopped by Marek Mazanek with a rebound.
10:57 of 2nd period - Wrist shot by Ryan White.
10:57 of 2nd period - Stopped by Marek Mazanek with a rebound.
11:07 of 2nd period - Craig Smith is hit by Jarred Tinordi.
11:13 of 2nd period - Wrist shot by Craig Smith.
11:13 of 2nd period - Goal by Craig Smith - Sewer Rats : 1 - Monarchs : 3.
11:14 of 2nd period - Bo Horvat wins face-off versus Tomas Tatar in neutral zone.
11:18 of 2nd period - Minor Penalty to Jarred Tinordi for Hooking.
11:19 of 2nd period - Mark Mancari wins face-off versus Bo Horvat in Sewer Rats zone.
11:19 of 2nd period - Mark Mancari is hit by Bo Horvat.
11:30 of 2nd period - Slapshot by Erik Condra.
11:30 of 2nd period - Shot Misses the Net.
11:44 of 2nd period - Mark Mancari is hit by Daultan Leveillé and loses puck.
11:59 of 2nd period - John Ramage is hit by Taylor Beck and loses puck.
12:12 of 2nd period - Mark Mancari is hit by Craig Smith and loses puck.
13:18 of 2nd period - Penalty to Jarred Tinordi is over, Jarred Tinordi is back on ice.
13:22 of 2nd period - Jarred Tinordi is hit by Brandon Pirri and loses puck.
13:27 of 2nd period - Backhand shot by Brandon Pirri.
13:27 of 2nd period - Deflect By Valentin Zykov.
13:27 of 2nd period - Stopped by Marek Mazanek with a rebound.
13:29 of 2nd period - Snap shot by Brandon Pirri.
13:29 of 2nd period - Shot Misses the Net.
13:31 of 2nd period - Slapshot by Robert Hagg.
13:31 of 2nd period - Shot Misses the Net.
13:33 of 2nd period - Slapshot by Valentin Zykov.
13:33 of 2nd period - Shot Blocked by Xavier Ouellet.
13:43 of 2nd period - Steven Kampfer is hit by Eric Fehr and loses puck.
14:25 of 2nd period - Off-side.
14:26 of 2nd period - Bo Horvat wins face-off versus William Karlsson in neutral zone.
14:35 of 2nd period - Snap shot by Taylor Beck.
14:35 of 2nd period - Stopped by Marek Mazanek without a rebound.
14:36 of 2nd period - Daultan Leveillé wins face-off versus Vincent Trocheck in Sewer Rats zone.
14:39 of 2nd period - Wrist shot by Craig Smith.
14:39 of 2nd period - Shot Misses the Net.
15:13 of 2nd period - Snap shot by Mark Mancari.
15:13 of 2nd period - Stopped by Ilya Bryzgalov with a rebound.
15:33 of 2nd period - Backhand shot by Jujhar Khaira.
15:33 of 2nd period - Deflect By Ryan White.
15:33 of 2nd period - Stopped by Marek Mazanek without a rebound.
15:34 of 2nd period - Daultan Leveillé wins face-off versus William Karlsson in Sewer Rats zone.
15:47 of 2nd period - Wrist shot by Craig Smith.
15:47 of 2nd period - Shot Misses the Net.
15:49 of 2nd period - Slapshot by Josh Manson.
15:49 of 2nd period - Shot Misses the Net.
15:55 of 2nd period - Minor Penalty to Ryan Murphy for Tripping.
15:56 of 2nd period - Mark Mancari wins face-off versus Bo Horvat in Sewer Rats zone.
17:01 of 2nd period - Mark Mancari is hit by Tom Wilson and loses puck.
17:28 of 2nd period - Bo Horvat is hit by Joel Edmundson and loses puck.
17:55 of 2nd period - Penalty to Ryan Murphy is over, Ryan Murphy is back on ice.
18:00 of 2nd period - Snap shot by Nick Cousins.
18:00 of 2nd period - Stopped by Ilya Bryzgalov without a rebound.
18:01 of 2nd period - William Karlsson wins face-off versus Frederik Gauthier in Monarchs zone.
18:44 of 2nd period - Wrist shot by Mike Reilly.
18:44 of 2nd period - Shot Blocked by Joseph Blandisi.
19:07 of 2nd period - Snap shot by Eric Fehr.
19:07 of 2nd period - Stopped by Marek Mazanek with a rebound.
19:43 of 2nd period - Slapshot by Craig Smith.
19:43 of 2nd period - Shot Misses the Net.
19:45 of 2nd period - Wrist shot by Craig Smith.
19:45 of 2nd period - Shot Blocked by Anthony Duclair.
Goals for this period are 1 for Sewer Rats vs 1 for Monarchs .
Shots for this period are 16 for Sewer Rats vs 7 for Monarchs .

3rd period


0:01 of 3rd period - Jonathan Marchessault wins face-off versus Bo Horvat in neutral zone.
0:11 of 3rd period - Snap shot by Mark Mancari.
0:11 of 3rd period - Shot Misses the Net.
0:35 of 3rd period - Wrist shot by Erik Condra.
0:35 of 3rd period - Shot Misses the Net.
0:37 of 3rd period - Backhand shot by Daniel Carr.
0:37 of 3rd period - Shot Blocked by Max Domi.
0:39 of 3rd period - Slapshot by Joel Edmundson.
0:39 of 3rd period - Stopped by Ilya Bryzgalov without a rebound.
0:40 of 3rd period - Ryan White wins face-off versus Vincent Trocheck in Monarchs zone.
0:40 of 3rd period - Ryan White is hit by John Ramage.
1:17 of 3rd period - Wrist shot by Tomas Tatar.
1:17 of 3rd period - Shot Misses the Net.
1:19 of 3rd period - Slapshot by John Ramage.
1:19 of 3rd period - Shot Blocked by Max Domi.
1:42 of 3rd period - Snap shot by Brandon Pirri.
1:42 of 3rd period - Stopped by Marek Mazanek without a rebound.
1:43 of 3rd period - Jonathan Marchessault wins face-off versus Ryan White in Sewer Rats zone.
1:43 of 3rd period - Jonathan Marchessault is hit by Jujhar Khaira.
1:57 of 3rd period - Wrist shot by Ryan White.
1:57 of 3rd period - Stopped by Marek Mazanek without a rebound.
1:58 of 3rd period - Vincent Trocheck wins face-off versus Daultan Leveillé in Sewer Rats zone.
1:58 of 3rd period - Vincent Trocheck is hit by Will Butcher.
2:06 of 3rd period - Snap shot by Vincent Trocheck.
2:06 of 3rd period - Shot Blocked by Daultan Leveillé.
2:08 of 3rd period - Snap shot by Daniel Carr.
2:08 of 3rd period - Shot Blocked by Will Butcher.
2:10 of 3rd period - Slapshot by Steven Kampfer.
2:10 of 3rd period - Stopped by Ilya Bryzgalov without a rebound.
2:11 of 3rd period - Jonathan Marchessault wins face-off versus Bo Horvat in Monarchs zone.
2:22 of 3rd period - Slapshot by Nathan Paetsch.
2:22 of 3rd period - Shot Blocked by Mark Mancari.
2:24 of 3rd period - Slapshot by Taylor Beck.
2:24 of 3rd period - Goal by Taylor Beck - Sewer Rats : 1 - Monarchs : 4.
2:24 of 3rd period - Antoine Bibeau enters game.
2:25 of 3rd period - Daultan Leveillé wins face-off versus Jonathan Marchessault in neutral zone.
2:28 of 3rd period - Steven Kampfer is hit by Craig Smith and loses puck.
2:37 of 3rd period - Wrist shot by Craig Smith.
2:37 of 3rd period - Shot Misses the Net.
2:39 of 3rd period - Snap shot by Daultan Leveillé.
2:39 of 3rd period - Shot Misses the Net.
2:41 of 3rd period - Snap shot by Max Domi.
2:41 of 3rd period - Stopped by Antoine Bibeau with a rebound.
2:51 of 3rd period - Daniel Carr is hit by Brandon Pirri and loses puck.
3:06 of 3rd period - Minor Penalty to Vincent Trocheck for High sticking.
3:07 of 3rd period - Bo Horvat wins face-off versus Mark Mancari in Sewer Rats zone.
5:06 of 3rd period - Penalty to Vincent Trocheck is over, Vincent Trocheck is back on ice.
5:07 of 3rd period - Will Butcher is hit by Vincent Trocheck and loses puck.
5:12 of 3rd period - Snap shot by Erik Condra.
5:12 of 3rd period - Stopped by Ilya Bryzgalov without a rebound.
5:13 of 3rd period - William Karlsson wins face-off versus Frederik Gauthier in Monarchs zone.
5:14 of 3rd period - Snap shot by Martin Frk.
5:14 of 3rd period - Stopped by Ilya Bryzgalov without a rebound.
5:15 of 3rd period - Frederik Gauthier wins face-off versus William Karlsson in Monarchs zone.
5:29 of 3rd period - Wrist shot by Valentin Zykov.
5:29 of 3rd period - Deflect By William Karlsson.
5:29 of 3rd period - Stopped by Antoine Bibeau with a rebound.
5:52 of 3rd period - Off-side.
5:53 of 3rd period - Bo Horvat wins face-off versus Vincent Trocheck in neutral zone.
6:37 of 3rd period - Minor Penalty to Max Domi for Close Hand On Puck.
6:38 of 3rd period - Daultan Leveillé wins face-off versus Jonathan Marchessault in Monarchs zone.
6:49 of 3rd period - Snap shot by Mark Mancari.
6:49 of 3rd period - Goal by Mark Mancari - Sewer Rats : 2 - Monarchs : 4.
6:50 of 3rd period - Jonathan Marchessault wins face-off versus Max Domi in neutral zone.
7:03 of 3rd period - Snap shot by Mark Mancari.
7:03 of 3rd period - Shot Blocked by Will Butcher.
7:05 of 3rd period - Minor Penalty to Nathan Paetsch for Goalie Interference.
7:06 of 3rd period - Daultan Leveillé wins face-off versus Jonathan Marchessault in Monarchs zone.
8:09 of 3rd period - Ryan White is hit by Vincent Trocheck.
9:05 of 3rd period - Penalty to Nathan Paetsch is over, Nathan Paetsch is back on ice.
9:18 of 3rd period - Snap shot by Martin Frk.
9:18 of 3rd period - Shot Misses the Net.
9:20 of 3rd period - Wrist shot by Anthony Duclair.
9:20 of 3rd period - Stopped by Ilya Bryzgalov without a rebound.
9:21 of 3rd period - Nick Cousins wins face-off versus Bo Horvat in Monarchs zone.
9:22 of 3rd period - Slapshot by Connor Carrick.
9:22 of 3rd period - Shot Misses the Net.
9:30 of 3rd period - Slapshot by Nathan Paetsch.
9:30 of 3rd period - Shot Blocked by Ryan Murphy.
9:32 of 3rd period - Backhand shot by Will Butcher.
9:32 of 3rd period - Stopped by Antoine Bibeau without a rebound.
9:33 of 3rd period - Vincent Trocheck wins face-off versus Bo Horvat in Sewer Rats zone.
9:40 of 3rd period - Snap shot by Vincent Trocheck.
9:40 of 3rd period - Shot Misses the Net.
9:48 of 3rd period - Slapshot by Will Butcher.
9:48 of 3rd period - Shot Blocked by Steven Kampfer.
9:58 of 3rd period - Vincent Trocheck is hit by Frederik Gauthier and loses puck.
10:09 of 3rd period - Backhand shot by Eric Fehr.
10:09 of 3rd period - Goal by Eric Fehr - Sewer Rats : 2 - Monarchs : 5.
10:10 of 3rd period - Jonathan Marchessault wins face-off versus Daultan Leveillé in neutral zone.
10:17 of 3rd period - Slapshot by Daultan Leveillé.
10:17 of 3rd period - Stopped by Antoine Bibeau without a rebound.
10:18 of 3rd period - Daultan Leveillé wins face-off versus Jonathan Marchessault in Sewer Rats zone.
10:31 of 3rd period - Wrist shot by Max Domi.
10:31 of 3rd period - Shot Blocked by Jonathan Marchessault.
10:33 of 3rd period - Wrist shot by Craig Smith.
10:33 of 3rd period - Shot Misses the Net.
10:47 of 3rd period - Wrist shot by Vincent Trocheck.
10:47 of 3rd period - Stopped by Ilya Bryzgalov with a rebound.
10:49 of 3rd period - Slapshot by Vincent Trocheck.
10:49 of 3rd period - Shot Blocked by Josh Manson.
11:05 of 3rd period - John Ramage is hit by Josh Manson and loses puck.
11:22 of 3rd period - Dmitrij Jaskin is hit by Taylor Beck and loses puck.
11:29 of 3rd period - Snap shot by Brandon Pirri.
11:29 of 3rd period - Shot Misses the Net.
11:37 of 3rd period - Snap shot by Brandon Pirri.
11:37 of 3rd period - Shot Misses the Net.
11:49 of 3rd period - Wrist shot by Dmitrij Jaskin.
11:49 of 3rd period - Shot Misses the Net.
11:51 of 3rd period - Slapshot by Joel Edmundson.
11:51 of 3rd period - Stopped by Ilya Bryzgalov without a rebound.
11:52 of 3rd period - Daultan Leveillé wins face-off versus Jonathan Marchessault in Monarchs zone.
12:19 of 3rd period - Jujhar Khaira is hit by Steven Kampfer and loses puck.
12:42 of 3rd period - Wrist shot by William Karlsson.
12:42 of 3rd period - Shot Misses the Net.
12:48 of 3rd period - Snap shot by Martin Frk.
12:48 of 3rd period - Shot Blocked by Nathan Paetsch.
13:17 of 3rd period - Will Butcher is hit by Vincent Trocheck and loses puck.
13:46 of 3rd period - Connor Carrick is hit by Ryan White and loses puck.
14:05 of 3rd period - Slapshot by William Karlsson.
14:05 of 3rd period - Stopped by Ilya Bryzgalov without a rebound.
14:06 of 3rd period - Jonathan Marchessault wins face-off versus Daultan Leveillé in Monarchs zone.
14:33 of 3rd period - Vincent Trocheck is hit by Josh Manson and loses puck.
15:06 of 3rd period - Ryan White is hit by Martin Frk and loses puck.
15:21 of 3rd period - Zac Leslie is hit by Steven Kampfer and loses puck.
15:27 of 3rd period - Off-side.
15:28 of 3rd period - Daultan Leveillé wins face-off versus Vincent Trocheck in neutral zone.
15:33 of 3rd period - Wrist shot by Max Domi.
15:33 of 3rd period - Shot Misses the Net.
15:35 of 3rd period - Slapshot by Mike Reilly.
15:35 of 3rd period - Deflect By Daultan Leveillé.
15:35 of 3rd period - Stopped by Antoine Bibeau with a rebound.
15:39 of 3rd period - Snap shot by Max Domi.
15:39 of 3rd period - Stopped by Antoine Bibeau without a rebound.
15:40 of 3rd period - Daultan Leveillé wins face-off versus Jonathan Marchessault in Sewer Rats zone.
16:07 of 3rd period - Bo Horvat is hit by William Karlsson and loses puck.
16:15 of 3rd period - Icing by Bo Horvat.
16:16 of 3rd period - Vincent Trocheck wins face-off versus Bo Horvat in Monarchs zone.
16:46 of 3rd period - Wrist shot by Brandon Pirri.
16:46 of 3rd period - Shot Misses the Net.
17:13 of 3rd period - Snap shot by William Karlsson.
17:13 of 3rd period - Shot Misses the Net.
17:36 of 3rd period - Off-side.
17:37 of 3rd period - Jonathan Marchessault wins face-off versus Daultan Leveillé in neutral zone.
17:52 of 3rd period - Slapshot by Mike Reilly.
17:52 of 3rd period - Shot Misses the Net.
18:15 of 3rd period - Jujhar Khaira is hit by John Ramage and loses puck.
18:26 of 3rd period - Anthony Duclair is hit by Josh Manson.
18:30 of 3rd period - Slapshot by Martin Frk.
18:30 of 3rd period - Stopped by Ilya Bryzgalov without a rebound.
18:31 of 3rd period - Frederik Gauthier wins face-off versus Jonathan Marchessault in Monarchs zone.
18:35 of 3rd period - Off-side.
18:36 of 3rd period - Daultan Leveillé wins face-off versus Jonathan Marchessault in neutral zone.
18:46 of 3rd period - Minor Penalty to Max Domi for Slashing.
18:47 of 3rd period - Jonathan Marchessault wins face-off versus Daultan Leveillé in Monarchs zone.
19:13 of 3rd period - Robert Hagg is hit by Vincent Trocheck and loses puck.
19:28 of 3rd period - Snap shot by Jujhar Khaira.
19:28 of 3rd period - Stopped by Antoine Bibeau with a rebound.
19:30 of 3rd period - Wrist shot by Jujhar Khaira.
19:30 of 3rd period - Shot Blocked by Jarred Tinordi.
19:34 of 3rd period - Snap shot by Jujhar Khaira.
19:34 of 3rd period - Deflect By Craig Smith.
19:34 of 3rd period - Shot Misses the Net.
19:34 of 3rd period - Puck is out of play.
19:35 of 3rd period - Jonathan Marchessault wins face-off versus Daultan Leveillé in Sewer Rats zone.
19:35 of 3rd period - Jonathan Marchessault is hit by Josh Manson.
Goals for this period are 1 for Sewer Rats vs 2 for Monarchs .
Shots for this period are 10 for Sewer Rats vs 11 for Monarchs .